 Dungeon Crawl Stone Soup version 0.31-a0-691-g409c26aa35 (webtiles) character file.

Game seed: 15232523402366282543

71 qw the Shooter (level 4, 0/28 HPs)
             Began as a Gargoyle Hunter on Sept 6, 2023.
             Slain by a scorpion (3 damage)
             ... on level 2 of the Dungeon.
             The game lasted 00:00:29 (1031 turns).

qw the Shooter (Gargoyle Hunter)                    Turns: 1031, Time: 00:00:29

Health: 0/28       AC:  6    Str: 15    XL:     4   Next: 24%
Magic:  4/4        EV: 11    Int:  9    God:
Gold:   136        SH:  0    Dex: 15    Spells: 3/3 levels left

rFire   . . .        Y - +0 shortbow
rCold   . . .        (shield currently unavailable)
rNeg    + . .        c - +0 leather armour
rPois   inf          (no helmet)
rElec   +            m - +0 cloak
rCorr   .            (no gloves)
SInv    .            (no boots)
Will    .....        (no amulet)
Stlth   ++           (no ring)
HPRegen 0.24/turn    (no ring)
MPRegen 0.09/turn

%: no passive effects
@: no status effects
A: sickness immunity, AC +3, negative energy resistance 1, electricity
resistance, torment resistance 1, petrification resistance, deformed body
a: no special abilities


You were on level 2 of the Dungeon.
You visited 1 branch of the dungeon, and saw 2 of its levels.

You collected 136 gold pieces.


Innate Abilities, Weirdness & Mutations

You are immune to sickness and miasma.
Your stone body is resilient. (AC +3)
You are immune to poison.
You resist negative energy. (rN+)
You are resistant to electric shocks. (rElec)
You are resistant to unholy torment.
You are immune to petrification.
Armour fits poorly on your strangely shaped body.


   Skills:
 - Level 3.0 Fighting
 + Level 5.3 Ranged Weapons
 - Level 1.5 Dodging
 - Level 1.1 Stealth


You had 3 spell levels left.
You didn't know any spells.
Your spell library was empty.

Inventory:

Hand Weapons
 Y - a +0 shortbow (weapon)
Armour
 c - a +0 leather armour (worn)
 m - a +0 cloak (worn)
Scrolls
 a - a scroll of vulnerability {unknown}
 b - a scroll of amnesia {unknown}
Potions
 d - a potion of curing {unknown}
 e - 2 potions of attraction {unknown}
 f - a potion of cancellation {unknown}
 g - a potion of heal wounds {unknown}

Dungeon Overview and Level Annotations

Branches:
Dungeon (2/15)

Altars:


Message History

A scorpion comes into view.
You shoot an arrow. The arrow closely misses the adder.
The arrow hits the goblin!
You kill the goblin!
A rat comes into view.
You shoot an arrow. The arrow hits the scorpion.
The scorpion is moderately wounded.
You shoot an arrow. The arrow hits the adder.
The adder is almost dead.
The adder barely misses you.
You shoot an arrow. The arrow misses the adder.
The adder barely misses you. x2
You shoot an arrow. The arrow hits the adder.
You kill the adder!
The scorpion stings you but does no damage.
Your Fighting skill increases to level 3!
You shoot an arrow. The arrow hits the scorpion.
The scorpion is heavily wounded.
The scorpion barely misses you.
You shoot an arrow. The arrow hits the scorpion!
The scorpion is almost dead.
The scorpion stings you but does no damage.
The rat closely misses you.
You shoot an arrow.
The arrow completely misses the scorpion.
The scorpion barely misses you. The rat bites you. The scorpion stings you.
You shoot an arrow. The arrow closely misses the scorpion.
The rat bites you. The scorpion stings you.
You shoot an arrow.
The arrow hits the scorpion but does no damage.
The scorpion is almost dead.
The rat bites you but does no damage. The scorpion stings you. x2
The rat misses you.
You shoot an arrow. The arrow barely misses the scorpion.
The scorpion stings you. The rat bites you.
You shoot an arrow. The arrow closely misses the scorpion.
The scorpion stings you. The rat closely misses you.
You shoot an arrow. The arrow barely misses the scorpion.
The scorpion stings you.
You die...

#..####.....# ..
##.# #.....##..#
#. ##.#
#........# #).
##.# #.....##.#
.. ##.#
#.....##.# ..
.#.# #.....##.#
.##
.#.########.##.#
..## .....#
#.##.##s..###.
###.(#
#.##..@r......
###
#.............
##############


You could see a scorpion and a rat.

Vanquished Creatures
  Terence (D:2)
  An adder (D:2)
  6 ball pythons
  5 endoplasms
  2 hobgoblins
  3 jackals (D:2)
  4 kobolds
  2 quokkas (D:1)
  3 bats
  A frilled lizard (D:1)
  5 goblins
  2 rats (D:2)
35 creatures vanquished.

Notes
Turn   | Place    | Note
-------+----------+-------------------------------------------
     0 | D:1      | qw the Gargoyle Hunter began the quest for the Orb.
     0 | D:1      | Reached XP level 1. HP: 12/12 MP: 1/1
     0 | D:1      | 0 ||| qw: Version: 0.3-a-76-g4403597
     0 | D:1      | 0 ||| qw: Game counter: 21
     0 | D:1      | 0 ||| qw: Melee chars always use a shield: true
     0 | D:1      | 0 ||| qw: God list: Okawaru
     0 | D:1      | 0 ||| qw: Allow faded altars: false
     0 | D:1      | 0 ||| qw: Do Orc after clearing Dungeon:15 true
     0 | D:1      | 0 ||| qw: Do second Lair branch before Depths: true
     0 | D:1      | 0 ||| qw: Lair rune preference: random
     0 | D:1      | 0 ||| qw: Goals: Normal
     0 | D:1      | 0 ||| PLANNING D:1-11
   137 | D:1      | Reached XP level 2. HP: 17/17 MP: 2/2
   726 | D:1      | 726 ||| UPGRADING to +0 cloak.
   731 | D:1      | 731 ||| DROPPING ring of magical power.
   732 | D:1      | 732 ||| READING scroll labelled EGIEF FESTROKHLU.
   733 | D:1      | 733 ||| READING scroll labelled UWNE AXEBBIKAMP.
   734 | D:1      | 734 ||| READING scroll labelled TABEPT QUONER.
   735 | D:1      | 735 ||| DRINKING 2 amethyst potions.
   735 | D:1      | Gained mutation: You sometimes lose your temper in combat.
                  | [potion of mutation]
   735 | D:1      | Gained mutation: Your spells are a little easier to cast,
                  | but a little less powerful. [potion of mutation]
   736 | D:1      | 736 ||| DRINKING potion of mutation.
   736 | D:1      | Lost mutation: You sometimes lose your temper in combat.
                  | [potion of mutation]
   736 | D:1      | Lost mutation: Your spells are a little easier to cast, but
                  | a little less powerful. [potion of mutation]
   736 | D:1      | Gained mutation: Armour fits poorly on your strangely
                  | shaped body. [potion of mutation]
   737 | D:1      | 737 ||| DRINKING 2 purple potions.
   738 | D:1      | 738 ||| DROPPING scroll of butterflies.
   739 | D:1      | 739 ||| DROPPING potion of brilliance.
   824 | D:2      | Reached XP level 3. HP: 21/21 MP: 3/3
   829 | D:2      | Noticed Terence
   840 | D:2      | Killed Terence
   841 | D:2      | Reached skill level 5 in Ranged Weapons
   921 | D:2      | Reached XP level 4. HP: 27/27 MP: 4/4
  1018 | D:2      | Noticed a scorpion
  1024 | D:2      | Reached skill level 3 in Fighting
  1029 | D:2      | HP: 7/28 [rat (1)]
  1030 | D:2      | HP: 2/28 [scorpion (5)]
  1031 | D:2      | Slain by a scorpion

Levels and vault maps discovered:
D:1:      erik_arrival_orb_chamber, layout_loops_ring
D:2:      layout_rooms, mrwooster_statue_mirror, minmay_cupped, uniq_terence,
          uniq_natasha

Skill      XL: |  1  2  3  4 |
---------------+-------------+-----
Ranged Weapons | 5 |  5.3
Fighting       | 3 |  3.0
Dodging        | |  1.5
Stealth        | |  1.1

Action                     |  1- 3 |  4- 6 || total
---------------------------+-------+-------++-------
   Fire: Shortbow          |    95 |    28 ||   123
    Use: Scroll            |     3 |       ||     3
         Potion            |     3 |       ||     3
 Armour: Leather armour    |    22 |    15 ||    37
  Dodge: Dodged            |    16 |    10 ||    26

Table legend:
 A = Non-vault XP
 B = Vault XP
 C = Vault XP percentage of total XP
 D = Non-vault monster count
 E = Vault monster count
 F = Vault count percentage of total count
                 A         B        C        D         E       F
            +---------+---------+-------+---------+---------+-------
      Total |      55 |      47 |  46.1 |      32 |       3 |   8.6
            +---------+---------+-------+---------+---------+-------
        D:1 |      29 |       0 |   0.0 |      17 |       0 |   0.0
        D:2 |      26 |      47 |  64.4 |      15 |       3 |  16.7
            +---------+---------+-------+---------+---------+-------
